 Dungeon Crawl Stone Soup version 0.23.1 (webtiles) character file.

Game seed: 0

1082 laj the Chopper (level 8, -3/70 HPs)
             Began as a Minotaur Berserker on Mar 11, 2019.
             Was a Priest of Trog.
             Killed from afar by Sigmund (9 damage)
             ... with a puff of flame
             ... on level 6 of the Dungeon.
             The game lasted 01:23:35 (6257 turns).

laj the Chopper (Minotaur Berserker)                Turns: 6257, Time: 01:23:36

Health: -3/70      AC:  7    Str: 23    XL:     8   Next: 8%
Magic:  7/7        EV: 12    Int:  4    God:    Trog [***...]
Gold:   356        SH:  0    Dex: 11    Spells: 7/7 levels left

rFire    . . .     SeeInvis .   a - +0 hand axe
rCold    . . .     Gourm    .   (no shield)
rNeg     . . .     Faith    .   j - +0 scale mail
rPois    .         Spirit   .   (helmet restricted)
rElec    .         Reflect  .   r - scarf {repulsion}
rCorr    .         Harm     .   (no gloves)
MR       .....                  (no boots)
Stlth    ..........             (no amulet)
HPRegen  0.21/turn              (no ring)
MPRegen  0.10/turn              (no ring)

@: berserk cooldown, slowed, repel missiles, very slow
A: retaliatory headbutt, horns 2
a: Berserk, Trog's Hand, Renounce Religion


You were on level 6 of the Dungeon.
You worshipped Trog.
Trog was most pleased with you.
You were very hungry.

You visited 1 branch of the dungeon, and saw 6 of its levels.

You collected 356 gold pieces.

Inventory:

Hand Weapons
 a - a +0 hand axe (weapon)
 k - a +0 war axe
 q - a +2 halberd of pain
Armour
 j - a +0 scale mail (worn)
 r - a scarf of repulsion (worn)
Scrolls
 b - a scroll of magic mapping {unknown}
 d - a scroll of enchant weapon {unknown}
 e - a scroll of blinking {unknown}
 f - a scroll of amnesia {unknown}
 g - 2 scrolls of enchant armour {unknown}
 h - a scroll of fear {unknown}
 l - a scroll of immolation {unknown}
 m - a scroll of fog {unknown}
 s - a scroll of remove curse {unknown}
Potions
 i - a potion of curing
 n - 3 potions of magic {unknown}
 o - a potion of flight {unknown}
 p - a potion of brilliance {unknown}
Comestibles
 c - 9 rations
 t - a chunk of flesh


   Skills:
 + Level 6.2 Fighting
 * Level 7.9 Axes
 + Level 5.6 Armour
 + Level 5.1 Dodging


You had 7 spell levels left.
You didn't know any spells.
Your spell library was empty.

Dungeon Overview and Level Annotations

Branches:
Dungeon (6/15)
 Temple: D:4-7

Altars:
Fedhas
Makhleb
Beogh

Shops:
D:4 :

Annotations:
D:6 Sigmund


Innate Abilities, Weirdness & Mutations

You reflexively headbutt those who attack you in melee.
You have a pair of horns on your head.


Message History

You hear some strange, mumbled words.
A puff of flame appears from out of thin air!
The puff of flame hits you!
* * * LOW HITPOINT WARNING * * *
You closely miss something. You headbutt something. Something hits you.
* * * LOW HITPOINT WARNING * * *
You closely miss something. Your headbutt misses something. Something hits you.
* * * LOW HITPOINT WARNING * * *
You closely miss something. Something hits you but does no damage.
You closely miss something. Something hits you.
* * * LOW HITPOINT WARNING * * *
You closely miss something. Something hits you but does no damage.
You slash something! Something hits you.
* * * LOW HITPOINT WARNING * * *
You barely miss something. You headbutt something. You closely miss something.
Your headbutt misses something.
You hear some strange, mumbled words.
A puff of flame appears from out of thin air!
The puff of flame hits you!
You die...

..# .. . ..
# .. #.#.
... #..#
.... ..#
.....
#.#......
###@{h.....
##...#......
##...##
#....
###..### ...
##...## .
##...## #
##..### #
###..## #
##...##


You could see a hound.

Vanquished Creatures
  An ogre (D:3)
  A centaur (D:5)
  A bullfrog (D:6)
  A scorpion (D:4)
  A jelly (D:5)
  4 hounds
  2 orc priests (D:3)
  A centaur skeleton (D:4)
  2 iguanas
  A gnoll shaman (D:4)
  3 orc wizards
  Terence (D:2)
  5 worker ants
  2 hound zombies
  7 gnolls (D:4)
  4 adders
  2 shadow imps (D:5)
  An ooze (D:3)
  2 adder skeletons (D:4)
  2 worms (D:4)
  3 leopard geckos
  22 orcs
  4 ball pythons
  3 bats
  3 giant cockroaches
  2 hobgoblins
  7 jackals
  5 kobolds
  A quokka (D:5)
  3 frilled lizards
  5 goblins
  A leopard gecko skeleton (D:5)
  4 rats
107 creatures vanquished.

Notes
Turn   | Place    | Note
-------+----------+-------------------------------------------
     0 | D:1      | laj the Minotaur Berserker began the quest for the Orb.
     0 | D:1      | Reached XP level 1. HP: 19/19 MP: 0/0
   404 | D:1      | Reached XP level 2. HP: 26/27 MP: 1/1
  1093 | D:2      | Noticed Terence
  1100 | D:2      | Killed Terence
  1100 | D:2      | Reached skill level 4 in Axes
  1100 | D:2      | Reached XP level 3. HP: 9/33 MP: 2/2
  1703 | D:2      | Reached XP level 4. HP: 35/41 MP: 3/3
  1872 | D:2      | Found a blossoming altar of Fedhas.
  2247 | D:3      | Reached skill level 5 in Axes
  2252 | D:3      | Found a burning altar of Makhleb.
  2432 | D:3      | Reached XP level 5. HP: 47/47 MP: 4/4
  2911 | D:3      | Found a roughly hewn altar of Beogh.
  2921 | D:3      | Reached ** piety under Trog
  3066 | D:4      | Reached XP level 6. HP: 41/55 MP: 5/5
  3091 | D:3      | Reached skill level 5 in Fighting
  3250 | D:4      | Reached skill level 6 in Axes
  3979 | D:4      | Found Nadichin's Book Emporium.
  4080 | D:4      | Reached XP level 7. HP: 49/61 MP: 6/6
  4523 | D:4      | Reached skill level 7 in Axes
  4715 | D:4      | Reached skill level 5 in Armour
  4847 | D:5      | Entered Level 5 of the Dungeon
  5437 | D:5      | Reached *** piety under Trog
  5679 | D:5      | Noticed a hippogriff
  5982 | D:5      | Reached skill level 5 in Dodging
  6134 | D:6      | Reached XP level 8. HP: 61/70 MP: 7/7
  6230 | D:6      | Noticed Sigmund
  6257 | D:6      | Killed from afar by Sigmund

Skill      XL: |  1  2  3  4  5  6  7 |
---------------+----------------------+-----
Fighting       | 4 5 6 |  6.2
Axes           | 4 5 6 7 |  7.9
Armour         | 3 4 5 |  5.6
Dodging        | 3 4 5 |  5.1

Action                   |  1- 3 |  4- 6 |  7- 9 || total
-------------------------+-------+-------+-------++-------
Melee: Hand axe          |    31 |   148 |   139 ||   318
       Headbutt          |     9 |    25 |    20 ||    54
       War axe           |    24 |       |       ||    24
Invok: Berserk           |     2 |     1 |     6 ||     9
       Trog's Hand       |       |     1 |     2 ||     3
  Use: Scroll            |       |       |     2 ||     2
  Eat: Chunk             |     4 |     7 |    11 ||    22
       Ration            |       |     1 |       ||     1
Armor: Animal skin       |     6 |       |       ||     6
       Scale mail        |     5 |    44 |    26 ||    75
Dodge: Dodged            |    37 |    66 |    64 ||   167
       Deflected         |       |       |     3 ||     3
